 Dungeon Crawl Stone Soup version 0.31.0-11-ge490571c62 (webtiles) character file.

Game seed: 13378577628569410711

2760 stipulation the Purveyor of Pain (level 9, -4/39 HPs)
             Began as a Vine Stalker Necromancer on Jan 27, 2024.
             Was an Initiate of Kikubaaqudgha.
             Slain by Maurice
             ... wielding a +0 short sword
              (10 damage)
             ... on level 8 of the Dungeon.
             The game lasted 00:15:13 (9474 turns).

stipulation the Purveyor of Pain (VSNe)             Turns: 9474, Time: 00:15:13

Health: -4/39      AC:  2    Str: 10    XL:     9   Next: 69%
Magic:  0/23       EV: 12    Int: 21    God:    Kikubaaqudgha [......]
Gold:   0          SH:  0    Dex: 16    Spells: 13/26 levels left

rFire   . . .        y - staff of death
rCold   . . .        (no shield)
rNeg    + . .        m - +0 robe of the Lobster {Regen+ Int+2 Stlth+}
rPois   .            (no helmet)
rElec   .            (no cloak)
rCorr   .            (no gloves)
SInv    .            (no boots)
Will    +....        (no amulet)
Stlth   ++           j - ring of flight
HPRegen 1.86/turn    (no ring)
MPRegen 0.18/turn

%: guardian spirit
@: confused, flying
A: fangs 3, regeneration 1, magic shield, antimagic bite, no potion heal 2
a: Renounce Religion


You were on level 8 of the Dungeon.
You worshipped Kikubaaqudgha.
Kikubaaqudgha was noncommittal.
You visited 2 branches of the dungeon, and saw 9 of its levels.

You collected 159 gold pieces.
You spent 159 gold pieces at shops.

Inventory:

Armour
 a - a +0 robe
 m - the +0 robe of the Lobster (worn) {Regen+ Int+2 Stlth+}
   (You bought it in a shop on level 4 of the Dungeon)

   Int+2:     It affects your intelligence (+2).
   Regen+:    It increases your rate of health regeneration.
   Stlth+:    It makes you more stealthy.
Magical Staves
 l - a staff of earth
 y - a staff of death (weapon)
Jewellery
 j - a ring of flight (left hand)
Wands
 w - a wand of flame (31)
Scrolls
 g - a scroll of enchant armour
 p - 2 scrolls of poison
 r - a scroll of revelation
 t - a scroll of torment
 D - a scroll of acquirement {unknown}
Potions
 b - a potion of magic
 h - 2 potions of curing
 i - 3 potions of haste {unknown}
 k - 4 potions of heal wounds {unknown}
 n - a potion of might {unknown}
 o - 2 potions of brilliance {unknown}
 s - a potion of attraction {unknown}
 u - a potion of berserk rage {unknown}
 v - a potion of mutation {unknown}
 A - 2 potions of lignification {unknown}
 B - a potion of enlightenment {unknown}


   Skills:
 + Level 1.7 Staves
 - Level 1.5 Dodging
 - Level 2.4 Stealth
 + Level 9.2 Spellcasting
 + Level 9.8 Necromancy
 + Level 1.7 Evocations


You had 13 spell levels left.
You knew the following spells:

 Your Spells              Type           Power      Damage    Failure   Level
a - Necrotise             Necr           100%       1d9       1%          1
b - Vampiric Draining     Necr           67%        2d10      1%          3
c - Animate Dead          Necr           67%        N/A       1%          4
d - Curse of Agony        Necr           67%        N/A       3%          5

Your spell library contained the following spells:

 Spells                   Type           Power      Damage    Failure   Level
 Fugue of the Fallen      Necr           67%        N/A       1%          3
 Apportation              Tloc           18%        N/A       7%          1
 Martyr's Knell           Necr/Summ      45%        N/A       10%         4
 Jinxbite                 Hex            18%        N/A       11%         2
 Lesser Beckoning         Tloc           18%        N/A       11%         2
 Scorch                   Fire           18%        2d5       11%         2
 Gell's Gravitas          Tloc           9%         N/A       22%         3
 Ozocubu's Armour         Ice            9%         N/A       22%         3
 Teleport Other           Tloc           9%         N/A       22%         3
 Flame Wave               Conj/Fire      9%         2d6       56%         4
 Manifold Assault         Tloc           9%         N/A       56%         4
 Alistair's Intoxication  Alch           6%         N/A       89%         5
 Summon Forest            Summ/Tloc      4%         N/A       89%         5
 Eringya's Noxious Bog    Alch           4%         4d6       100%        6
 Summon Cactus Giant      Summ           4%         N/A       100%        6
 Summon Hydra             Summ           4%         N/A       100%        7


Dungeon Overview and Level Annotations

Branches:
Dungeon (8/15)             Temple (1/1) D:6
   Lair: D:8-11

Altars:
Cheibriados
Fedhas
Gozag
Hepliaklqana
Kikubaaqudgha
Makhleb
Nemelex Xobeh
Qazlal
Sif Muna
Uskayaw
Vehumet
Wu Jian
Xom
Yredelemnul
Zin
The Shining One

Shops:
D:4 [

Annotations:
D:8 Maurice


Innate Abilities, Weirdness & Mutations

You have razor-sharp teeth.
Your natural rate of healing is unusually fast.
When hurt, damage is shared between your health and your magic reserves.
Your bite disrupts and absorbs the magic of your enemies.
Potions cannot restore your health.


Message History

You can't see any susceptible monsters within range! (Use Z to cast anyway.)
Casting: Curse of Agony (quite dangerous; 3% risk of failure)
Confirm with . or Enter, or press ? or * to list all spells.
Aiming: Vampiric Draining (safe; 1% risk of failure)
Press: ? - help, Shift-Dir - straight line You feel a surge of power!
You draw life force from something!
You feel life coursing into your body. Something hits you.
Something steals 126 gold pieces!
You now have 0 gold pieces.
Something bites you but does no damage.
You hit something. Something hits you!
Something groans, "What are you, a monk?"
Something barely misses you.
You closely miss something.
You hear a zap.
Something tries to affect you, but you resist.
You hear a zap.
Something tries to affect you, but you resist.
Something blocks your attack. Something hits you!
Something mutters, "Now where did you hide it?"
Something bites you but does no damage.
You closely miss something. Your bite misses something. Something hits you.
Something grunts, "Curses!"
Something bites you.
You feel your power leaking away. Something drains your magic.
You hit something.
Something writhes in agony!
You hear a zap.
Something tries to affect you, but you resist.
You barely miss something. Something hits you!
* * * LOW HITPOINT WARNING * * *
Something grunts, "Curses!"
Something bites you.
* * * LOW HITPOINT WARNING * * *
Something drains your magic.
You barely miss something. Your bite misses something.
You hear a zap.
Your will is overpowered!
You are confused.
You miss something. Your bite misses something. Something hits you!
You die...
Kikubaaqudgha rasps: "You have failed me!
Welcome... death!"

######..[.....##.#.##
#....#...........#.
#.##.#......#####
#.##........#
#.##..........
#.###....#..... #.#
#.[..#.....
#.###....#.....
#...@.........
#####{...##. #...##
#.... ...... ......
..... .....


There were no monsters in sight!

Vanquished Creatures
  Pikel (D:6)
  Sigmund (D:4)
  A steam dragon (D:6)
  Eustachio (D:6)
  2 sky beasts
  2 ice beasts
  2 orc warriors
  3 ogres
  A centaur (D:6)
  4 lemures (D:5)
  A kobold brigand (D:7)
  Blork the orc (D:4)
  A scorpion (D:5)
  4 howler monkeys (D:7)
  2 bombardier beetles
  A hound (D:5)
  4 orc priests
  A gnoll bouda (D:6)
  4 orc wizards
  6 gnolls
  10 adders
  An ufetubus (D:6)
  5 dart slugs
  8 orcs
  8 endoplasms
  5 giant cockroaches
  4 goblins
  4 hobgoblins
  2 quokkas (D:1)
  6 ball pythons
  7 bats
  4 frilled lizards
  10 kobolds
  A rat (D:3)
118 creatures vanquished.

Vanquished Creatures (collateral kills)
  An orc priest (D:7)
  3 orcs (D:7)
  A ball python (D:2)
  A bat (D:2)
6 creatures vanquished.

Vanquished Creatures (others)
  3 howler monkey zombies (D:7)
  3 orc zombies (D:7)
  2 kobold zombies (D:7)
8 creatures vanquished.

Grand Total: 132 creatures vanquished

Notes
Turn   | Place    | Note
-------+----------+-------------------------------------------
     0 | D:1      | stipulation the Vine Stalker Necromancer began the quest
                  | for the Orb.
     0 | D:1      | Reached XP level 1. HP: 9/9 MP: 4/4
   241 | D:1      | Reached XP level 2. HP: 13/13 MP: 3/6
   515 | D:1      | Reached XP level 3. HP: 16/16 MP: 4/8
  1336 | D:2      | Reached XP level 4. HP: 21/21 MP: 5/10
  1611 | D:2      | Learned a level 3 spell: Vampiric Draining
  1616 | D:2      | Learned a level 4 spell: Animate Dead
  1648 | D:3      | Reached skill level 5 in Necromancy
  2185 | D:3      | Reached XP level 5. HP: 16/24 MP: 3/12
  2478 | D:3      | Found a sparkling altar of Nemelex Xobeh.
  2886 | D:4      | Found Appot's Antique Armour Emporium.
  2970 | D:4      | You are sucked into a shaft and drop 1 floor!
  2970 | D:5      | Entered Level 5 of the Dungeon
  3013 | D:5      | Noticed an ice beast
  3106 | D:4      | Noticed Blork the orc
  3116 | D:4      | Killed Blork the orc
  3117 | D:4      | Reached XP level 6. HP: 28/28 MP: 3/14
  3441 | D:4      | Noticed Sigmund
  3456 | D:4      | Killed Sigmund
  3457 | D:4      | Reached skill level 5 in Spellcasting
  3692 | D:5      | Killed an ice beast
  3693 | D:5      | Reached XP level 7. HP: 9/32 MP: 0/16
  4121 | D:4      | Bought a faintly glowing robe for 159 gold pieces
  4121 | D:4      | Identified the +0 robe of the Lobster {Regen+ Int+2 Stlth+}
                  | (You bought it in a shop on level 4 of the Dungeon)
  4669 | D:5      | Found a snail-covered altar of Cheibriados.
  5398 | D:6      | Gained mutation: You have razor-sharp teeth. [Vine Stalker
                  | growth]
  5398 | D:6      | Reached XP level 8. HP: 36/36 MP: 10/18
  5916 | D:6      | Noticed Eustachio
  5922 | D:6      | Killed Eustachio
  6202 | D:6      | Found a staircase to the Ecumenical Temple.
  6347 | Temple   | Entered the Ecumenical Temple
  6372 | Temple   | Became a worshipper of Kikubaaqudgha
  6546 | D:6      | Noticed Pikel
  6817 | D:6      | Killed Pikel
  6818 | D:6      | Reached XP level 9. HP: 39/39 MP: 13/22
  7970 | D:7      | Found a radiant altar of Vehumet.
  8172 | D:7      | Reached skill level 1 in Staves
  8172 | D:7      | Reached skill level 1 in Evocations
  9050 | D:7      | Found a stormy altar of Qazlal.
  9307 | D:8      | Learned a level 5 spell: Curse of Agony
  9453 | D:8      | Noticed Maurice
  9460 | D:8      | Something stole a +2 buckler
  9463 | D:8      | Something stole a +1 dagger
  9464 | D:8      | Something stole a throwing net
  9465 | D:8      | Something stole 22 gold
  9466 | D:8      | Something stole 126 gold
  9474 | D:8      | Slain by Maurice

Illustrated notes

Levels and vault maps discovered:
D:1:      amcnicky_arrival_blooded_trapdoor, layout_loops_ring
D:2:      layout_rooms
D:3:      layout_basic, nemelex_diamond_rough_becter, fountainhead, minivault_14
D:4:      layout_cave_pools, serial_shops, nicolae_shop_behind_doors,
          uniq_blork_the_orc, uniq_sigmund
D:5:      layout_layer_cave, kennysheep_slug_shrine
D:6:      layout_gridville, minmay_temple_entry_ruins,
          kennysheep_generic_room_2, uniq_eustachio, uniq_pikel
D:7:      minmay_cornered_nines, layout_loops_ring, lemuel_doored_altar,
          nicolae_qazlal_style_of_elements
D:8:      layout_basic, nicolae_figureground_pulse, uniq_gastronok, uniq_maurice
Temple:   nicolae_temple_godzebo

Skill      XL: |  1  2  3  4  5  6  7  8  9 |
---------------+----------------------------+-----
Spellcasting   | 3 4 5 6 8 9 |  9.2
Necromancy     | 5 6 7 8 9 |  9.8
Staves         | 1 |  1.7
Evocations     | 1 |  1.7
Dodging        | |  1.5
Stealth        | |  2.4

Action                     |  1- 3 |  4- 6 |  7- 9 || total
---------------------------+-------+-------+-------++-------
  Melee: Unarmed           |    19 |       |       ||    19
         Bite              |     6 |     6 |    43 ||    55
         Dagger            |       |    12 |    91 ||   103
         Punch             |       |       |     1 ||     1
         Staff             |       |       |    49 ||    49
   Cast: Necrotise         |    62 |    71 |   118 ||   251
         Vampiric Draining |       |     4 |    40 ||    44
         Animate Dead      |       |       |     3 ||     3
         Curse of Agony    |       |       |     1 ||     1
    Use: Scroll            |       |     2 |    12 ||    14
         Potion            |       |     1 |       ||     1
   Stab: Distracted        |       |     1 |       ||     1
 Armour: Robe              |    12 |    18 |   178 ||   208
  Dodge: Dodged            |    14 |    23 |   110 ||   147
